 Dungeon Crawl Stone Soup version 0.22-a0 (webtiles) character file.

65 KarmaPolice the Sneak (level 4, 0/43 HPs)
             Began as an Octopode Assassin on Dec 31, 2017.
             Succumbed to an adder's poison
             ... on level 2 of the Dungeon.
             The game lasted 00:02:10 (1464 turns).

KarmaPolice the Sneak (Octopode Assassin)           Turns: 1464, Time: 00:02:11

Health: 0/43       AC:  1    Str: 15    XL:     4   Next: 13%
Magic:  4/4        EV: 13    Int: 13    God:
Gold:   31         SH:  0    Dex: 14    Spells: 3/3 levels left

rFire    . . .     SeeInvis .   a - +2 dagger
rCold    . . .     Gourm    .   (no shield)
rNeg     . . .     Faith    .   (helmet restricted)
rPois    .         Spirit   .   (no amulet)
rElec    .         Reflect  .   (no ring)
rCorr    .         Harm     .   (no ring)
MR       .....                  (no ring)
Stlth    ..........             (no ring)
HPRegen  0.14/turn              (no ring)
MPRegen  0.09/turn              (no ring)
                                (no ring)
                                (no ring)

@: mighty, berserking (expiring), lethally poisoned (0 -> -12), very quick
A: almost no armour, stealthy swim, amphibious, 8 rings, constrict 8, camouflage
1, gelatinous body 1
a: no special abilities


You were on level 2 of the Dungeon.
You were hungry.

You visited 1 branch of the dungeon, and saw 2 of its levels.

You collected 31 gold pieces.

Inventory:

Hand Weapons
 a - a +2 dagger (weapon)
 b - a +0 blowgun
Missiles
 c - 28 poisoned needles
 d - 2 curare-tipped needles
Jewellery
 e - an uncursed ring of wizardry {unknown}
Scrolls
 g - 2 scrolls of identify {unknown}
 k - 2 scrolls of remove curse {unknown}
Comestibles
 f - 3 rations


   Skills:
 - Level 2.0 Fighting
 + Level 2.9 Short Blades
 + Level 3.0 Throwing
 - Level 1.0 Dodging
 + Level 6.1 Stealth


You had 3 spell levels left.
You didn't know any spells.

Dungeon Overview and Level Annotations

Branches:
Dungeon (2/15)

Altars:


Innate Abilities, Weirdness & Mutations

You cannot wear most types of armour.
You are very stealthy in the water. (Stealth+)
You are amphibious.
You can wear up to eight rings at the same time.
You can use your tentacles to constrict eight enemies at once.
Your skin changes colour to match your surroundings (Stealth+).
Your rubbery body absorbs attacks. (AC +1, EV +1)


Message History

You have reached level 4!
* * * LOW HITPOINT WARNING * * *
You feel sick.
A giant cockroach comes into view.
It was a potion of berserk rage.
A red film seems to cover your vision as you go berserk!
You feel yourself moving faster!
You feel mighty!
* * * LOW HITPOINT WARNING * * *
You feel sick.
Unknown command.
You feel a strong urge to attack something.
* * * LOW HITPOINT WARNING * * *
You feel sick.
There is a stone staircase leading up here.
You see here a stone.
There is a lethal amount of poison in your body!
* * * LOW HITPOINT WARNING * * *
You feel sick.
You feel your anger nearly subside.
You die...

# ............
.. ##
#....$...>.###.#
.#
#..............
.#
#............#
.# #...........
##
#...)..#.###.. #
#.........
##†#.###. #.@(##
#..#..##
#...##...# #.##
##†(...... #.
##.s..### #
....# .##... .#
.... .. .##


You could see a giant cockroach.

Vanquished Creatures
  2 adders (D:2)
  A dart slug (D:1)
  A leopard gecko (D:1)
  A ball python (D:2)
  3 giant cockroaches (D:1)
  6 goblins
  A hobgoblin (D:1)
  8 jackals
  2 kobolds (D:1)
  A quokka (D:1)
  3 bats (D:1)
  3 frilled lizards (D:1)
  10 rats
42 creatures vanquished.

Notes
Turn   | Place    | Note
-------+----------+-------------------------------------------
     0 | D:1      | KarmaPolice the Octopode Assassin began the quest for the Orb.
     0 | D:1      | Reached XP level 1. HP: 14/14 MP: 1/1
   259 | D:1      | Reached XP level 2. HP: 19/19 MP: 2/2
   514 | D:1      | Reached XP level 3. HP: 24/24 MP: 3/3
  1241 | D:2      | Reached skill level 6 in Stealth
  1460 | D:2      | Reached XP level 4. HP: 3/29 MP: 4/4
  1461 | D:2      | HP: 2/43 [poisoned by an adder]
  1464 | D:2      | Succumbed to an adder's poison

Vault maps used:
D:1:      minmay_arrival_open_corners

Skill      XL: |  1  2  3 |
---------------+----------+-----
Stealth        | 6 |  6.1
Throwing       | 3 |  3.0
Fighting       | |  2.0
Short Blades   | |  2.9
Dodging        | |  1.0

Action                   |  1- 3 |  4- 6 || total
-------------------------+-------+-------++-------
Melee: Dagger            |    74 |       ||    74
       Constrict         |    23 |       ||    23
       Tentacles         |     7 |       ||     7
  Use: Potion            |     1 |     1 ||     2
 Stab: Sleeping          |    12 |       ||    12
  Eat: Chunk             |     1 |       ||     1
Armor: Skin              |     6 |       ||     6
Dodge: Dodged            |    49 |       ||    49

Table legend:
 A = Spawn XP
 B = Non-spawn XP
 C = Spawn XP percentage of total XP
 D = Spawn monster count
 E = Non-spawn monster count
 F = Spawn count percentage of total count
 G = Total turns spent on level
                    A         B        C        D         E        F      G
               +---------+---------+-------+---------+---------+-------+---------
         Total |       0 |      93 |   0.0 |       0 |      42 |   0.0 |  1464
               +---------+---------+-------+---------+---------+-------+---------
           D:1 |       0 |      51 |   0.0 |       0 |      31 |   0.0 |  1405
           D:2 |       0 |      42 |   0.0 |       0 |      11 |   0.0 |    59
               +---------+---------+-------+---------+---------+-------+---------
